 Dungeon Crawl Stone Soup version 0.29-a0-96-g93358da72b (webtiles) character file.

Game seed: 15102369635214127083

2203 siradein the Insei (level 9, -5/75 HPs)
             Began as a Black Draconian Transmuter on Feb 10, 2022.
             Was an Initiate of Yredelemnul.
             Slain by an orc warrior (7 damage)
             ... on level 7 of the Dungeon.
             The game lasted 00:24:15 (8868 turns).

siradein the Insei (Black Draconian Transmuter)     Turns: 8868, Time: 00:24:16

Health: -5/75      AC: 10    Str: 18    XL:     9   Next: 12%
Magic:  16/16      EV: 14    Int: 15    God:    Yredelemnul [......]
Gold:   112        SH:  0    Dex: 15    Spells: 8/18 levels left

rFire   . . .      SeeInvis .   e - +6 flail (drain)
rCold   . . .      Faith    .   (no shield)
rNeg    . . .      Spirit   .   (armour unavailable)
rPois   +          Reflect  .   (helmet restricted)
rElec   +          Harm     .   D - +0 cloak
rCorr   .          Rampage  .   j - +0 pair of gloves
Will    .....                   E - +0 pair of boots
Stlth   +.........              l - amulet of magic regeneration
HPRegen 0.22/turn               p - +6 ring of strength
MPRegen 0.55/turn               t - ring of poison resistance

@: about to teleport, short of breath, wereblooded (expiring)
A: breathe lightning, AC +7, unfitting armour, electricity resistance,
cold-blooded
a: Breathe Lightning, Renounce Religion, Recall Undead Harvest


You were on level 7 of the Dungeon.
You worshipped Yredelemnul.
Yredelemnul was noncommittal.
You visited 2 branches of the dungeon, and saw 8 of its levels.
You also visited: Sewer.

You collected 365 gold pieces.
You spent 253 gold pieces at shops.

Inventory:

Hand Weapons
 e - a +6 flail of draining (weapon)
 f - the +6 hand axe "Uburph" {vorpal, *Corrode *Slow rC+ rN++ SInv}
   (You found it on level 3 of the Dungeon)

   It inflicts extra damage upon your enemies.
   rC:        It protects you from cold.
   rN:        It greatly protects you from negative energy.
   SInv:      It lets you see invisible.
   *Corrode:  It may corrode you when you take damage.
   *Slow:     It may slow you when you take damage.
Missiles
 h - 28 poisoned darts
Armour
 j - a +0 pair of gloves (worn)
 D - a +0 cloak (worn)
 E - a +0 pair of boots (worn)
Jewellery
 l - an amulet of magic regeneration (around neck)
 p - a +6 ring of strength (left hand)
 t - a ring of poison resistance (right hand)
Wands
 n - a wand of digging (1)
 C - a wand of acid (11)
Scrolls
 d - 4 scrolls of enchant weapon
 k - a scroll of teleportation
 o - 3 scrolls of silence
 q - 2 scrolls of fog {unknown}
 s - 2 scrolls of summoning {unknown}
 u - a scroll of holy word {unknown}
 y - a scroll of brand weapon {unknown}
 F - a scroll of immolation {unknown}
 G - a scroll of blinking {unknown}
Potions
 a - a potion of magic
 b - a potion of berserk rage
 c - a potion of lignification {unknown}
 i - 2 potions of attraction
 r - a potion of heal wounds {unknown}
 v - a potion of flight {unknown}
 w - 3 potions of haste
 x - a potion of ambrosia
 z - 3 potions of brilliance
 A - a potion of invisibility {unknown}
 B - a potion of might {unknown}
 H - a potion of cancellation {unknown}


   Skills:
 + Level 5.8 Fighting
 + Level 5.1 Dodging
 + Level 6.1 Unarmed Combat
 + Level 5.2 Spellcasting
 + Level 5.5 Transmutations
 + Level 2.4 Invocations


You had 8 spell levels left.
You knew the following spells:

 Your Spells              Type           Power      Damage    Failure   Level
a - Beastly Appendage     Tmut           40%        N/A       1%          1
b - Wereblood             Tmut           20%        N/A       2%          2
c - Spider Form           Tmut/Pois      12%        N/A       16%         3
d - Ice Form              Ice/Tmut       12%        N/A       45%         4

Your spell library contained the following spells:

 Spells                   Type           Power      Damage    Failure   Level
 Passwall                 Tmut/Erth      10%        N/A       8%          2
 Ensorcelled Hibernation  Hex/Ice        6%         N/A       24%         2
 Swiftness                Air            3%         N/A       43%         3


Dungeon Overview and Level Annotations

Branches:
Dungeon (7/15)             Temple (1/1) D:6           Sewer (visited)

Altars:
Ashenzari
Cheibriados
Dithmenos
Elyvilon
Fedhas
Gozag
Hepliaklqana
Kikubaaqudgha
Makhleb
Nemelex Xobeh
Okawaru
Qazlal
Ru
Sif Muna
Trog
Uskayaw
Vehumet
Wu Jian
Xom
Yredelemnul
Zin
The Shining One

Shops:
D:6 =!

Annotations:
D:6 2 transporters, drugrobin's ghost, novice DgWr


Innate Abilities, Weirdness & Mutations

You can breathe wild blasts of lightning.
Your glossy black scales are hard. (AC +7)
You cannot fit into any form of body armour.
You are resistant to electric shocks. (rElec)
You are cold-blooded and may be slowed by cold attacks.


Message History

* * * LOW HITPOINT WARNING * * *
You howl as the wereblood boils in your veins!
You are engulfed in a cloud of scalding steam.
* * * LOW HITPOINT WARNING * * *
The steam dragon barely misses you.
The steam dragon claws you but does no damage.
Activating: Breathe Lightning (4% risk of failure)
Press: ? - help, Dir - look around, f - activate You fail to use your ability.
The bullfrog closely misses you. The steam dragon closely misses you.
The steam dragon claws you.
* * * LOW HITPOINT WARNING * * *
Unknown command.
Unknown command.
Unknown command.
Activating: Breathe Lightning (4% risk of failure)
Press: ? - help, Dir - look around, f - activate You breathe a wild blast of lightning!
The orb of electricity explodes! x2
The orc warrior barely misses you.
The bullfrog hits you but does no damage.
The steam dragon breathes steam at you. The ball of steam misses you.
Unknown command.
Unknown command.
The bullfrog barely misses you. The bullfrog completely misses you.
As you read the scroll of teleportation, it crumbles to dust.
You feel strangely unstable.
You howl as the wereblood boils in your veins!
Your primal bloodlust is almost over.
The bullfrog hits you but does no damage.
The orc warrior hits you from afar with a +0 trident.
* * * LOW HITPOINT WARNING * * *
The steam dragon closely misses you. The steam dragon misses you.
The bullfrog hits you.
* * * LOW HITPOINT WARNING * * *
The bullfrog hits you.
* * * LOW HITPOINT WARNING * * *
The bullfrog is engulfed in a cloud of scalding steam.
The orc warrior hits you from afar with a +0 trident!
You die...
Your body rises from the dead as a mindless zombie.

#.##.#.####.# #.# ##
#.##.#.####.# #.# #.. # #
#.##........# ##'## #.# .
###......###### ##...## #.# .#
.#####.#### ##.....## #.##.. .#
#)##.## ##.......## #..#.#
.#####.#...####.........####<....
Z.............'...o.....'.......#
######?#...####.@F§..(..###......
#..#.## ##..D....## ##..#.#
##.### ##.....## ####.. #.#
##.§§## .# #.# ##+## .. #.# #.#
.# #.# #####.### .. #.# #.......
.# #.# ##.##...##


You could see a steam dragon, an orc warrior and a bullfrog.

Vanquished Creatures
  Pikel (D:7)
  Sigmund (D:2)
  A steam dragon (D:7)
  A sky beast (D:6)
  A hornet zombie (D:7)
  A black bear (D:5)
  2 necrophages
  2 ogres
  3 kobold brigands (Sewer)
  A scorpion (D:7)
  2 hounds (D:5)
  Jessica (D:3)
  Terence (D:3)
  2 iguanas (D:6)
  2 orc wizards
  2 hound skeletons
  A howler monkey zombie (D:5)
  Robin (D:4)
  6 adders
  7 river rats
  3 white imps
  5 worms
  2 dart slugs (D:1)
  13 orcs
  9 ball pythons
  A bat (D:3)
  5 endoplasms
  4 giant cockroaches
  9 goblins
  14 hobgoblins
  3 jackals
  2 quokkas (D:4)
  13 frilled lizards
  14 kobolds
  11 rats
147 creatures vanquished.

Vanquished Creatures (collateral kills)
  A centaur zombie (D:7)
  An iguana (D:7)
2 creatures vanquished.

Vanquished Creatures (others)
  A kobold zombie (D:7)
  A scorpion zombie (D:7)
  26 plants
28 creatures vanquished.

Grand Total: 177 creatures vanquished

Notes
Turn   | Place    | Note
-------+----------+-------------------------------------------
     0 | D:1      | siradein the Draconian Transmuter began the quest for the
                  | Orb.
     0 | D:1      | Reached XP level 1. HP: 16/16 MP: 3/3
   488 | D:1      | Reached XP level 2. HP: 23/23 MP: 3/5
   925 | D:2      | Noticed Sigmund
   937 | D:2      | Learned a level 2 spell: Wereblood
  1360 | D:2      | Reached XP level 3. HP: 29/29 MP: 4/6
  1824 | D:3      | Identified the +6 hand axe "Uburph" {vorpal, *Corrode *Slow
                  | rC+ rN++ SInv}
  2045 | D:3      | Noticed Terence
  2094 | D:3      | Killed Terence
  2372 | D:3      | Noticed a necrophage
  2380 | D:3      | Killed a necrophage
  2381 | D:3      | Reached XP level 4. HP: 22/37 MP: 5/8
  2381 | D:3      | Reached XP level 5. HP: 25/42 MP: 5/9
  2553 | D:3      | Learned a level 3 spell: Spider Form
  2843 | D:3      | Noticed Jessica
  2849 | D:3      | Killed Jessica
  2889 | D:3      | Found a faded altar of an unknown god.
  3340 | D:4      | Reached skill level 4 in Unarmed Combat
  3504 | D:4      | Identified the +0 helmet of the Vestibule of Hell {Str+3
                  | Slay+2}
  3504 | D:4      | Noticed Robin
  3515 | D:4      | Reached XP level 6. HP: 51/51 MP: 10/10
  3517 | D:4      | Killed Robin
  3799 | D:5      | Entered Level 5 of the Dungeon
  4499 | D:5      | Your scales start taking on a glossy black colour.
  4499 | D:5      | Reached XP level 7. HP: 58/58 MP: 12/12
  4499 | D:5      | Gained mutation: You are resistant to electric shocks.
                  | (rElec) [Black Draconian growth]
  4830 | D:2      | Killed Sigmund
  5032 | D:6      | Learned a level 4 spell: Ice Form
  5033 | D:6      | Found an ornate altar of the Wu Jian Council.
  5051 | D:6      | Found Rutorom's Distillery.
  5055 | D:6      | Bought a potion of haste for 110 gold pieces
  5055 | D:6      | Bought a potion of ambrosia for 88 gold pieces
  5055 | D:6      | Bought a potion of degeneration for 11 gold pieces
  5055 | D:6      | Bought a potion of brilliance for 44 gold pieces
  5385 | D:6      | Found a glowing drain.
  5400 | Sewer    | Entered a sewer
  5536 | Sewer    | Reached skill level 5 in Unarmed Combat
  5721 | Sewer    | Reached XP level 8. HP: 50/67 MP: 14/14
  6636 | D:6      | Found Vuhas's Jewellery Shoppe.
  6784 | D:6      | Reached skill level 5 in Fighting
  7097 | D:6      | Found a staircase to the Ecumenical Temple.
  7175 | D:6      | Found a transporter.
  7177 | D:6      | Noticed drugrobin's ghost (novice DgWr)
  7178 | D:6      | Identified the +2 great mace "Jellybane" {drain, rElec
                  | Will- Str+7 Int+4}
  7178 | D:6      | Noticed a two-headed ogre
  7188 | D:6      | Found a transporter.
  7370 | Temple   | Entered the Ecumenical Temple
  7685 | Temple   | Became a worshipper of Yredelemnul the Dark
  7817 | D:7      | Reached skill level 5 in Transmutations
  7825 | D:7      | Reached skill level 1 in Invocations
  8452 | D:7      | Noticed Pikel
  8494 | D:7      | Killed Pikel
  8495 | D:7      | Reached skill level 5 in Dodging
  8495 | D:7      | Reached skill level 6 in Unarmed Combat
  8495 | D:7      | Reached skill level 5 in Spellcasting
  8495 | D:7      | Reached XP level 9. HP: 53/75 MP: 16/16
  8846 | D:7      | Reached * piety under Yredelemnul
  8852 | D:7      | Your ally Pikel died
  8866 | D:7      | HP: 3/75 [bullfrog (6)]
  8868 | D:7      | Slain by an orc warrior

Illustrated notes

Levels and vault maps discovered:
D:1:      erik_arrival_blinker_ship, layout_basic
D:2:      layout_loops_corners, st_stairs_8, uniq_crazy_yiuf_cottage,
          uniq_sigmund
D:3:      layout_basic, hellmonk_ecumenical_altar_inner_sanctum, uniq_terence,
          uniq_jessica
D:4:      layout_gridville, minmay_misc_feat_x, minmay_unequal, uniq_robin
D:5:      layout_basic
D:6:      layout_loops_corners, nicolae_wu_jian_wuxing_cycle,
          minmay_temple_entry_enclosed_plants, gammafunk_ghost_smash,
          serial_shops, shop, kennysheep_mini_moat, lightli_sewer_entry_pipes,
          st_stairs_12, minmay_lizard_king
D:7:      cheibrodos_helix_gallery, layout_loops_corners, st_stairs_13,
          uniq_pikel
Temple:   compressed_dpeg_triangle_lava_temple

Skill      XL: |  1  2  3  4  5  6  7  8 |
---------------+-------------------------+-----
Dodging        | 2 3 4 5 |  5.1
Fighting       | 2 3 4 5 |  5.8
Transmutations | 3 4 5 |  5.5
Spellcasting   | 3 4 5 |  5.2
Unarmed Combat | 4 5 6 |  6.1
Invocations    | 2 |  2.4

Action                   |  1- 3 |  4- 6 |  7- 9 || total
-------------------------+-------+-------+-------++-------
Melee: Unarmed           |    10 |       |       ||    10
       Kick              |    10 |    14 |    32 ||    56
       Dagger            |    10 |       |       ||    10
       Tailslap          |     9 |    10 |    23 ||    42
       Headbutt          |     2 |    12 |    17 ||    31
       Mace              |    21 |       |       ||    21
       Hand axe          |    16 |     3 |     8 ||    27
       Flail             |     5 |    92 |   183 ||   280
       Punch             |     1 |     1 |    13 ||    15
Throw: Dart              |     3 |       |       ||     3
 Cast: Beastly Appendage |    23 |    23 |    25 ||    71
       Wereblood         |       |       |     2 ||     2
 Abil: Breathe Lightning |       |       |     3 ||     3
  Use: Scroll            |       |     1 |     7 ||     8
 Stab: Sleeping          |       |     1 |       ||     1
Armor: Skin              |    17 |    46 |    70 ||   133
Dodge: Dodged            |    35 |    57 |   161 ||   253

Table legend: (Time is in decaauts)
 A = Elapsed time spent in this place.
 B = Non-inter-level travel time spent in this place.
 C = Inter-level travel time spent in this place.
 D = Time resting spent in this place.
 E = Time spent auto-exploring this place.
 F = Levels seen in this place.
 G = Mean time per level.
                   A        B        C        D        E       F      G
               +--------+--------+--------+--------+--------+-----+--------+
         Total |   9231 |   8713 |    518 |    512 |   6197 |   9 | 1025.7 |
       Dungeon |   7566 |   7059 |    507 |    504 |   5122 |   7 | 1080.9 |
        Temple |    325 |    315 |     10 |      0 |    272 |   1 |  325.0 |
         Sewer |   1339 |   1339 |      0 |      8 |    803 |   1 | 1339.0 |
               +--------+--------+--------+--------+--------+-----+--------+

Top non-repeatable levels by time:
     D:3: 1593 daAuts
     D:6: 1557 daAuts
   Sewer: 1339 daAuts
     D:5: 1018 daAuts
     D:7: 933 daAuts
     D:2: 853 daAuts
     D:1: 814 daAuts
     D:4: 795 daAuts
  Temple: 325 daAuts
